Map: New Repugnancy LE

Players

Mez - Winner!

  • Race: Terran Terran
  • League: Master
  • Spawn Location: 7:00

Torasaki

  • Race: Protoss Protoss
  • League: Master
  • Spawn Location: 1:00

VOD

Have the link to the VOD?

Description

Time

  • Played on: Aug. 1, 2019, 1:57 a.m.
  • Length: 19:29
Show
View Real Time Build Order
Export as new Build Order

Mez Terran - Winner!

Build Orders: Reaper Expand 

Get SALT Encoding   

  12  0:00  SCV  
  13  0:13  SCV  
  14  0:18  Supply Depot  
  14  0:25  SCV  
  15  0:39  SCV  
  15  0:41  Barracks  
  16  0:44  Refinery  
  16  0:51  SCV  
  17  1:03  SCV  
  18  1:16  SCV  
  19  1:29  Reaper, Orbital Command  
  20  1:51  Command Center  
  20  1:55  Refinery, SCV  
  21  2:11  Bunker  
  21  2:13  SCV  
  21  2:14  Barracks Reactor  
  22  2:24  Factory  
  22  2:27  SCV  
  23  2:52  Supply Depot  
  23  3:02  SCV  
  23  3:04  Orbital Command  
  23  3:05  Marine x2  
  26  3:11  Factory Tech Lab  
  26  3:17  Starport  
  26  3:18  SCV  
  27  3:26  Marine x2  
  29  3:29  Orbital Command  
  32  3:34  SCV  
  33  3:47  Marine x2  
  35  3:50  SCV  
  35  3:51  Siege Tank  
  35  3:54  Supply Depot  
  35  3:55  Starport Tech Lab  
  35  3:58  SCV  
  36  4:06  Bunker  
  36  4:08  SCV  
  37  4:12  Command Center  
  37  4:15  Raven  
  38  4:19  SCV  
  38  4:20  SCV  
  40  4:25  Supply Depot  
  40  4:34  SCV x2  
  42  4:43  Marine x2  
  42  4:45  Siege Tank  
  47  4:46  SCV x2  
  47  4:52  Supply Depot  
  49  4:58  Barracks  
  49  5:00  Barracks  
  49  5:03  Marine x2  
  51  5:08  Engineering Bay  
  51  5:10  Starport Reactor  
  51  5:12  Engineering Bay  
  51  5:15  SCV x2  
  53  5:26  Orbital Command  
  53  5:28  SCV x2, Factory Reactor  
  53  5:34  Refinery  
  55  5:40  SCV x2  
  57  5:47  Barracks  
  57  5:52  Terran Infantry Armor Level 1, Terran Infantry Weapons Level 1  
  57  5:53  SCV  
  57  5:54  SCV x2  
  60  6:03  Marine, Barracks  
  61  6:04  Marine x3  
  61  6:07  SCV  
  65  6:15  SCV x2  
  69  6:19  Refinery  
  69  6:21  Marine  
  67  6:28  Marine x2, Marauder  
  69  6:39  Marine  
  70  6:47  Starport  
  70  6:52  Barracks Tech Lab  
  70  6:53  Widow Mine x2  
  74  6:54  Marine  
  74  6:55  Marine x2  
  74  6:57  Marine  
  75  7:02  Barracks Tech Lab  
  72  7:12  Marine x2  
  72  7:26  Medivac x2  
  72  7:27  Stimpack  
  72  7:28  Combat Shield  
  76  7:30  Marine  
  76  7:31  Armory, Marine x5  
  76  7:35  SCV  
  76  7:36  SCV x2  
  84  7:55  Supply Depot x2  
  84  7:57  Supply Depot  
  84  8:01  Supply Depot  
  84  8:02  Medivac x2  
  84  8:03  Barracks Reactor  
  84  8:05  Barracks Tech Lab  
  88  8:06  Marine x2, Marauder x2  
  94  8:13  Orbital Command  
  94  8:18  SCV  
  94  8:19  SCV, Marine x2  
  97  8:24  Marine  
  99  8:27  Command Center  
  99  8:28  Marauder  
  99  8:31  Factory Reactor  
  99  8:32  Medivac x2  
  105  8:34  SCV x2  
  105  8:36  Terran Infantry Weapons Level 2  
  107  8:43  Terran Infantry Armor Level 2  
  107  8:45  SCV  
  107  8:46  SCV x2  
  110  8:57  SCV  
  110  8:58  SCV x2  
  108  9:03  Supply Depot  
  108  9:04  Supply Depot  
  108  9:05  Supply Depot  
  108  9:06  Marine x2, Marauder x3  
  113  9:10  Widow Mine, SCV  
  113  9:11  Widow Mine  
  117  9:18  Bunker  
  117  9:21  Bunker  
  117  9:22  SCV x3  
  120  9:30  Marine x3, Marauder x2  
  127  9:31  Widow Mine  
  127  9:34  SCV  
  130  9:46  Marine, Marauder  
  130  9:48  Marine  
  130  9:51  Marauder  
  136  9:52  Barracks  
  136  9:54  Widow Mine x2, Barracks  
  136  9:55  Barracks  
  140  10:00  Ghost Academy  
  140  10:02  Medivac x2  
  140  10:05  Refinery  
  140  10:06  SCV  
  140  10:07  Refinery, SCV x2  
  147  10:19  SCV x3  
  150  10:26  Marine x4, Marauder x3  
  157  10:32  Medivac x2  
  152  10:42  Marine x3  
  139  10:44  Marine x4  
  134  10:56  Widow Mine x2  
  138  11:00  SCV x2  
  140  11:04  Barracks Reactor  
  140  11:05  Barracks Tech Lab x2  
  140  11:06  Ghost x3  
  140  11:08  Marine x3  
  140  11:09  Terran Infantry Weapons Level 3, Marine  
  148  11:15  Terran Infantry Armor Level 3, Command Center  
  148  11:26  SCV x2, Marine  
  148  11:27  Missile Turret, Refinery  
  148  11:28  Refinery  
  151  11:32  Planetary Fortress  
  151  11:34  Widow Mine  
  151  11:35  Widow Mine  
  149  11:47  Ghost x2  
  149  11:48  Marine x8  
  149  11:50  SCV x2  
  149  11:54  SCV  
  165  11:55  Marine  
  165  11:56  Widow Mine x2  
  169  12:02  SCV x2  
  169  12:06  Marine  
  169  12:08  Marine  
  172  12:09  Marine  
  172  12:11  Sensor Tower, Marine x2  
  172  12:12  Marine  
  172  12:13  Marine x2  
  172  12:21  Missile Turret x2  
  172  12:22  Missile Turret, Supply Depot  
  172  12:23  Supply Depot  
  172  12:24  Missile Turret  
  172  12:25  Supply Depot  
  172  12:26  Missile Turret x2  
  172  12:27  Missile Turret  
  172  12:39  Supply Depot  
  172  12:43  Ghost x2  
  172  12:44  Ghost x2, Marine x2  
  172  12:45  Marine  
  183  13:02  Ghost, Marine  
  183  13:03  Marine x2  
  188  13:11  Personal Cloaking  
  188  13:12  Ghost x2, Planetary Fortress  
  192  13:26  Marine x4, Marauder x2  
  200  13:30  Refinery  
  200  13:33  Refinery  
  190  14:01  Starport  
  190  14:02  Starport  
  190  14:03  Starport  
  190  14:14  Marine, Marauder  
  193  14:19  Fusion Core  
  123  14:31  Liberator x2  
  156  14:47  Marine x3, Marauder  
  156  14:48  Marauder x2  
  156  14:50  Starport Reactor  
  156  14:51  Starport Reactor, Starport Tech Lab  
  162  14:55  Starport  
  162  14:56  Marine, Liberator  
  162  14:57  Marauder  
  159  15:12  Liberator x4  
  159  15:14  Liberator x2  
  140  15:24  Marine x7  
  140  15:25  Marine x3  
  161  15:39  Liberator  
  161  15:48  Advanced Ballistics  
  161  15:55  Command Center, Liberator  
  164  15:59  Liberator x4  
  164  16:00  Ghost x4  
  164  16:01  Ghost  
  164  16:02  Marine x2, Command Center, Barracks Tech Lab  
  164  16:03  Marine  
  177  16:05  Neosteel Armor  
  177  16:07  Hi-Sec Auto Tracking  
  177  16:10  Command Center  
  192  16:23  Liberator x2  
  192  16:29  Ghost  
  194  16:53  Liberator x5  
  145  17:14  Marine x4, Marauder  
  145  17:15  Marine x4, Marauder, Liberator x3  
  167  17:32  Marine x5  
  167  17:34  Orbital Command  
  181  17:43  Sensor Tower  
  181  17:49  Liberator x4  
  161  17:53  Marine x9, Marauder  
  170  18:02  Concussive Shells  
  151  18:11  Marine x4  
  151  18:12  Marine, Marauder x2  
  174  18:13  Marauder x2, Liberator  
  174  18:16  SCV x3  
  174  18:17  SCV x2  
  174  18:19  Planetary Fortress  
  179  18:28  Refinery  
  179  18:31  Sensor Tower, Orbital Command  
  179  18:33  Refinery  
  182  18:45  Ghost x3  
  182  18:46  Command Center, Marine x5  
  182  18:47  Marine x2  
  195  18:53  Command Center  
  195  19:04  Marine x3  
Show
View Real Time Build Order
Export as new Build Order

Torasaki Protoss 

Build Orders: Archon Immortal, Blink Stalkers 

Get SALT Encoding   

  12  0:01  Probe  
  13  0:13  Probe  
  14  0:17  Pylon  
  14  0:25  Probe  
  15  0:35  Gateway  
  15  0:37  Probe  
  16  0:45  Assimilator, Probe  
  17  0:53  Probe  
  17  1:03  Probe  
  18  1:11  Probe  
  20  1:19  Probe  
  21  1:28  Cybernetics Core  
  21  1:31  Probe  
  22  1:39  Assimilator, Pylon  
  22  1:43  Probe  
  23  2:00  Nexus  
  23  2:02  Stalker  
  23  2:13  Warp Gate  
  25  2:31  Probe  
  25  2:33  Stalker  
  28  2:43  Probe  
  29  2:46  Robotics Facility  
  29  2:48  Twilight Council  
  29  2:55  Probe  
  30  3:05  Probe  
  30  3:09  Probe  
  30  3:11  Pylon  
  31  3:13  Probe  
  31  3:17  Probe  
  31  3:18  Stalker  
  35  3:21  Probe  
  37  3:35  Probe  
  37  3:36  Immortal  
  42  3:44  Blink  
  41  3:55  Probe  
  41  3:56  Probe  
  43  4:08  Probe  
  44  4:18  Probe  
  44  4:20  Probe, Assimilator  
  44  4:23  Gateway  
  46  4:24  Observer  
  46  4:25  Gateway  
  46  4:26  Gateway  
  46  4:30  Probe  
  48  4:32  Probe  
  48  4:38  Pylon  
  49  4:42  Probe, Pylon  
  49  4:43  Observer  
  49  4:44  Stalker  
  52  4:51  Probe  
  54  4:53  Pylon  
  54  4:56  Probe  
  55  5:13  Stalker  
  57  5:16  Immortal  
  57  5:20  Stalker  
  57  5:21  Stalker x2  
  67  5:23  Probe x2  
  67  5:25  Assimilator  
  67  5:26  Pylon  
  69  5:38  Stalker  
  69  5:41  Probe  
  72  5:46  Stalker x3  
  78  5:56  Pylon  
  78  6:03  Immortal  
  82  6:07  Probe x2  
  84  6:26  Probe x2  
  86  6:38  Probe  
  86  6:39  Probe  
  88  6:47  Immortal  
  92  6:49  Nexus  
  92  6:50  Probe, Pylon  
  92  6:51  Probe  
  90  7:03  Probe x2  
  86  7:14  Stalker x2  
  86  7:15  Stalker x2, Probe x2  
  94  7:26  Immortal  
  94  7:27  Probe x2  
  100  7:33  Templar Archives  
  100  7:36  Gateway  
  100  7:38  Probe x2  
  100  7:42  Gateway x2  
  101  7:46  Probe  
  102  7:54  Warp Prism  
  102  7:55  Forge, Pylon  
  102  7:57  Probe x2, Forge  
  102  8:01  Charge  
  106  8:06  Psionic Storm  
  106  8:07  Protoss Ground Weapons Level 1  
  106  8:09  Protoss Ground Armor Level 1, Probe x2  
  108  8:13  High Templar x3  
  108  8:14  High Templar  
  116  8:20  Archon x2  
  116  8:21  Probe  
  116  8:23  Probe x2  
  116  8:26  Assimilator  
  119  8:27  Assimilator  
  119  8:33  Probe  
  120  8:35  Probe  
  121  8:58  High Templar x2  
  121  9:14  Observer  
  121  9:15  Zealot x2  
  125  9:20  Pylon  
  125  9:21  Pylon x3  
  125  9:25  Nexus  
  125  9:27  Pylon  
  125  9:29  Pylon  
  125  9:31  Pylon  
  125  9:42  Stalker  
  125  9:43  Stalker x4  
  125  9:50  Probe  
  125  9:51  Probe  
  125  9:54  Probe  
  125  9:58  Probe  
  125  9:59  Zealot, Probe  
  130  10:00  Zealot  
  130  10:06  Probe  
  135  10:08  Probe x2  
  131  10:37  Protoss Ground Weapons Level 2, Protoss Ground Armor Level 2  
  107  10:46  Immortal  
  91  10:50  High Templar x2  
  91  10:51  High Templar x2, Zealot x3  
  107  11:01  Observer  
  107  11:02  Gateway  
  107  11:03  Gateway  
  107  11:05  Gateway  
  107  11:08  Gateway  
  107  11:13  Zealot x3  
  107  11:15  Probe x4  
  117  11:28  Zealot x4  
  117  11:29  Immortal  
  128  11:40  Stalker x3  
  134  11:48  Gateway  
  134  11:49  Zealot x4  
  134  11:50  Gateway  
  142  11:54  Assimilator x2  
  140  12:11  High Templar  
  140  12:12  High Templar x5  
  140  12:13  High Templar  
  140  12:14  High Templar x2  
  140  12:15  Zealot x2  
  156  12:17  Archon x2  
  156  12:20  Archon  
  156  12:21  Archon  
  154  12:27  Probe x4  
  158  12:35  Robotics Facility x2  
  158  12:37  Photon Cannon  
  158  12:38  Photon Cannon  
  158  12:39  Robotics Bay  
  158  12:42  Zealot x2  
  162  12:48  Zealot x3  
  162  12:49  Zealot x6  
  162  12:50  Zealot x2  
  184  12:55  Protoss Ground Weapons Level 3, Protoss Ground Armor Level 3  
  167  13:02  Probe  
  167  13:03  Photon Cannon, Probe x3  
  171  13:09  Photon Cannon  
  171  13:10  Probe, Pylon  
  171  13:11  Probe x3  
  171  13:12  Photon Cannon  
  171  13:13  Photon Cannon  
  171  13:15  Photon Cannon  
  171  13:19  Probe x3  
  175  13:22  Stalker x5  
  175  13:23  Stalker x2  
  192  13:28  Extended Thermal Lance  
  192  13:31  Probe  
  192  13:33  Colossus, Observer  
  198  14:09  Colossus  
  141  14:41  Zealot x2  
  141  14:42  Zealot x3  
  141  14:43  Zealot x6  
  141  14:44  Zealot  
  89  15:12  Colossus x2  
  89  15:13  Colossus  
  99  15:18  Zealot x2  
  99  15:19  Zealot x9  
  99  15:20  Zealot x2  
  114  15:25  Probe x4  
  112  15:37  Probe x4  
  112  15:40  High Templar x2  
  112  15:41  High Templar x5  
  130  15:45  Archon x3  
  130  15:47  High Templar x3  
  136  16:07  Immortal x3, Zealot x3  
  136  16:10  Stalker  
  156  16:13  Stalker  
  156  16:14  Stalker x3  
  164  16:20  High Templar x3  
  164  16:21  High Templar  
  164  16:25  Archon x2  
  172  16:27  Zealot x2  
  174  16:34  Stalker  
  174  16:35  Stalker x2  
  175  16:59  Observer x2  
  175  17:00  Observer  
  142  17:12  Zealot x8  
  142  17:13  Zealot x3  
  162  17:20  High Templar x2  
  166  17:25  Archon  
  166  17:37  Stalker x3  
  166  17:38  Stalker x3  
  132  18:15  High Templar x4  
  132  18:16  High Templar  
  132  18:18  Zealot x6  
  132  18:19  Zealot x2  
  154  18:39  High Templar x2  
  154  18:40  High Templar x2  
  162  18:41  Stalker x2  
  162  18:44  Archon x2  
  162  18:47  Stalker x2, Nexus  
  170  18:51  Zealot  
Tags
 
Add a new tag
Caveats
  • Supply blocks, unpowered buildings, or Contaminate may cause inaccurate times.
  • Supply counts are checked every 10 seconds.